 Dungeon Crawl Stone Soup version 0.21-a0-405-gf2af9a1 (webtiles) character file.

9732 tof the Carver (level 11, -2/100 HPs)
             Began as a Minotaur Monk on Nov 1, 2017.
             Was an Elder of Wu Jian.
             Slain by an 11-headed hydra (11 damage)
             ... on level 2 of the Lair of Beasts.
             The game lasted 00:40:06 (13391 turns).

tof the Carver (Minotaur Monk)                     Turns: 13391, Time: 00:40:06

Health: -2/100     AC: 10    Str: 20    XL:     11   Next: 26%
Magic:  10/10      EV: 12    Int:  7    God:    Wu Jian [****..]
Gold:   146        SH:  0    Dex: 12    Spells: 10/10 levels left

rFire    + . .     SeeInvis .   a - +1 demon blade (freeze)
rCold    . . .     Gourm    .   (no shield)
rNeg     + + .     Faith    .   S - +0 ring mail {rF+}
rPois    .         Spirit   .   t - +2 hat
rElec    .         Reflect  .   n - +0 cloak
rCorr    .         Harm     .   (no gloves)
MR       .....                  (no boots)
Stlth    +.........             M - amulet of regeneration
HPRegen  0.66/turn              j - ring of positive energy
MPRegen  0.12/turn              N - ring of positive energy

@: no status effects
A: retaliatory headbutt, horns 2
a: Serpent's Lash, Renounce Religion


You were on level 2 of the Lair of Beasts.
You worshipped Wu Jian.
Wu Jian was greatly pleased with you.
You were not hungry.

You visited 3 branches of the dungeon, and saw 14 of its levels.
You also visited: Sewer.

You collected 805 gold pieces.
You spent 659 gold pieces at shops.

Inventory:

Hand Weapons
 a - a +1 demon blade of freezing (weapon)
 b - a +0 blowgun
Missiles
 H - a curare-tipped needle
 I - 50 poisoned needles
 L - 9 needles of sleeping
 W - 8 tomahawks (quivered)
Armour
 n - a +0 cloak (worn)
 t - a +2 hat (worn)
 S - a +0 ring mail of fire resistance (worn)
Jewellery
 g - an uncursed ring of protection from cold
 j - a ring of positive energy (left hand)
 M - an amulet of regeneration (around neck)
 N - a ring of positive energy (right hand)
 T - an uncursed ring of poison resistance {unknown}
Wands
 Y - a wand of digging (19/24)
Scrolls
 i - 3 scrolls of remove curse
 k - 3 scrolls of recharging
 p - 4 scrolls of teleportation
 q - a scroll of vulnerability {unknown}
 r - 3 scrolls of enchant armour
 u - 4 scrolls of fog {unknown}
 y - 5 scrolls of amnesia {unknown}
 G - 2 scrolls of magic mapping
 O - 2 scrolls of enchant weapon {unknown}
 U - a scroll of random uselessness {unknown}
Potions
 e - 2 potions of might {unknown}
 f - 4 potions of flight
 h - 2 potions of resistance {unknown}
 l - 3 potions of degeneration {unknown}
 m - 4 potions of brilliance
 o - a potion of ambrosia {unknown}
 v - 12 potions of curing
 w - 5 potions of agility
 B - a potion of berserk rage {unknown}
 C - 6 potions of heal wounds
 D - 2 potions of lignification {unknown}
 K - a potion of invisibility {unknown}
Comestibles
 c - 3 bread rations
 x - 2 meat rations
 z - 8 fruits
 A - 4 royal jellies


   Skills:
 + Level 10.2 Fighting
 * Level 13.4 Long Blades
 + Level 7.8 Throwing
 + Level 9.4 Armour
 - Level 3.2 Dodging
 - Level 1.5 Stealth


You had 10 spell levels left.
You didn't know any spells.

Dungeon Overview and Level Annotations

Branches:
Dungeon (11/15)            Temple (1/1) D:7            Lair (2/6) D:8
  Swamp (0/4) Lair:2          Orc (0/2) D:10
  Snake: Lair:2-4    Spider: Lair:2-4

Altars:
Ashenzari
Cheibriados
Dithmenos
Elyvilon
Fedhas
Hepliaklqana
Makhleb
Okawaru
Qazlal
Ru
Sif Muna
Uskayaw
Vehumet
Wu Jian
The Shining One
Beogh

Shops:
D:5 (!!(!   D:11 *


Innate Abilities, Weirdness & Mutations

You reflexively headbutt those who attack you in melee.
You have a pair of horns on your head.


Message History

The nine-headed hydra misses you. The nine-headed hydra bites you.
The nine-headed hydra closely misses you.
The nine-headed hydra barely misses you.
The nine-headed hydra bites you. The nine-headed hydra bites you! x3
* * * LOW HITPOINT WARNING * * *
You hack one of the nine-headed hydra's heads off!
The eight-headed hydra grows two more!
You slash the ten-headed hydra! You freeze the ten-headed hydra.
The ten-headed hydra is severely wounded.
You chop one of the ten-headed hydra's heads off!
The nine-headed hydra grows two more!
You slash the 11-headed hydra! You freeze the 11-headed hydra.
The 11-headed hydra is almost dead.
The 11-headed hydra bites you but does no damage.
The 11-headed hydra bites you!
* * * LOW HITPOINT WARNING * * *
The 11-headed hydra misses you. The 11-headed hydra bites you.
* * * LOW HITPOINT WARNING * * *
The 11-headed hydra bites you!
You die...

#,,**....,.......#,..P♣**≈≈≈***,,
#.,,**..##,......#*..♣**≈≈≈≈≈*≈**
...####..###.....##.♣*≈≈≈≈≈≈≈≈,**
#.......##.......#.#♣♣≈§y≈>≈≈≈≈**
#....................♣*§§≈≈≈≈≈**,
#.....<..............♣y§≈≈≈≈≈***,
#.....†...............♣*,≈≈≈***,,
...............#..#.###,**≈***,,,
#...#..###.....#@..#**,,*,,,,*,*,
...#####*#.....D#.......#,,,,,*,*
...**,,,.P.............#.,,,,**,,
#.,**,,..+.%...##>......#,,,,*,,<
#,,*,,..##......#>.....##,,,,≈,,,
*,,++>..*#.............#,,,≈≈≈≈≈≈
*,,**,,,,#....,,#......#*,≈≈≈≈≈≈≈
,,,**,*,*.....,,##...#.#,,≈≈≈≈≈≈≈
,,,*,**,*,,,,,,,,*,,,,*,*,≈≈≈≈,≈≈


You could see a 11-headed hydra.

Vanquished Creatures
  Gastronok (D:8)
  A two-headed ogre (D:8)
  An unseen horror (D:10)
  The ghost of tof the Carver, a novice MiMo (D:7)
  A cyclops (D:10)
  A centaur skeleton (D:10)
  A troll (D:8)
  A wraith (D:9)
  3 water moccasins
  Edmund (D:4)
  A sky beast (D:9)
  A porcupine (Lair:1)
  An ice beast (D:8)
  3 orc warriors
  A black bear (D:6)
  4 wolves (D:8)
  6 ogres
  2 centaurs
  2 crocodiles (Lair:1)
  Blork the orc (D:5)
  4 big kobolds
  7 bullfrogs
  3 scorpions
  4 killer bees (D:7)
  3 electric eels (D:8)
  4 crimson imps
  7 hounds
  3 bullfrog zombies
  A bullfrog skeleton (D:10)
  A gnoll shaman (D:5)
  10 orc priests
  4 iguanas
  11 orc wizards
  A worker ant (D:6)
  A statue (D:6)
  A hound zombie (D:6)
  A howler monkey zombie (D:10)
  10 adders
  52 gnolls
  6 river rats (Sewer)
  5 worms
  2 dart slugs
  10 leopard geckos
  55 orcs
  7 giant cockroaches
  14 hobgoblins
  28 jackals
  22 kobolds
  5 quokkas
  9 ball pythons
  9 bats
  5 frilled lizards
  11 goblins
  A jackal skeleton (D:4)
  A quokka skeleton (D:9)
  2 quokka zombies
  26 rats
380 creatures vanquished.

Vanquished Creatures (others)
  An orc (D:8)
1 creature vanquished.

Grand Total: 381 creatures vanquished

Notes
Turn   | Place    | Note
-------+----------+-------------------------------------------
     0 | D:1      | tof the Minotaur Monk began the quest for the Orb.
     0 | D:1      | Reached XP level 1. HP: 19/19 MP: 0/0
   126 | D:1      | You fall through a shaft!
   272 | D:2      | Reached XP level 2. HP: 27/27 MP: 1/1
   343 | D:1      | Reached skill level 4 in Long Blades
   459 | D:1      | Reached skill level 1 in Armour
   609 | D:1      | Reached skill level 1 in Throwing
   615 | D:1      | Reached XP level 3. HP: 29/33 MP: 2/2
  1785 | D:2      | Reached XP level 4. HP: 39/40 MP: 3/3
  2084 | D:3      | Reached skill level 5 in Long Blades
  2450 | D:3      | Reached XP level 5. HP: 38/47 MP: 4/4
  2601 | D:3      | Found a shadowy altar of Dithmenos.
  2959 | D:4      | Noticed Edmund
  2970 | D:4      | Killed Edmund
  2970 | D:4      | Reached XP level 6. HP: 31/55 MP: 5/5
  2973 | D:4      | Reached skill level 6 in Long Blades
  3218 | D:4      | Reached skill level 5 in Fighting
  3230 | D:4      | Found a glowing golden altar of the Shining One.
  3506 | D:4      | Found a sacrificial altar of Ru.
  3686 | D:4      | Found a snail-covered altar of Cheibriados.
  3872 | D:5      | Entered Level 5 of the Dungeon
  3900 | D:5      | Noticed Blork the orc
  3968 | D:5      | Killed Blork the orc
  3985 | D:5      | Found Meumu's Weapon Shop.
  4036 | D:5      | Reached XP level 7. HP: 55/61 MP: 6/6
  4092 | D:5      | Found a burning altar of Makhleb.
  4112 | D:5      | Found Podghura's Distillery.
  4124 | D:5      | Bought a potion of heal wounds for 55 gold pieces
  4124 | D:5      | Bought a potion of agility for 44 gold pieces
  4124 | D:5      | Bought a potion of brilliance for 44 gold pieces
  4124 | D:5      | Bought a potion of flight for 33 gold pieces
  4124 | D:5      | Bought a potion of curing for 33 gold pieces
  4184 | D:5      | Found a white marble altar of Elyvilon.
  4184 | D:5      | Found a hide-covered altar of Uskayaw.
  4274 | D:5      | Found Leruj's Distillery.
  4316 | D:5      | Found Cuurusen's Antique Weapon Boutique.
  4324 | D:5      | Found Ciaqarodd's Distillery.
  4385 | D:5      | Found a blossoming altar of Fedhas.
  4484 | D:5      | Reached skill level 7 in Long Blades
  5704 | D:5      | Reached XP level 8. HP: 57/70 MP: 7/7
  5857 | D:5      | Reached skill level 8 in Long Blades
  6241 | D:6      | Found a glowing drain.
  6243 | D:6      | Reached skill level 5 in Armour
  6256 | Sewer    | Entered a sewer
  7054 | D:6      | Reached skill level 9 in Long Blades
  7079 | D:6      | Found a shattered altar of Ashenzari.
  7125 | D:6      | Found a deep blue altar of Sif Muna.
  7196 | D:6      | Found a stormy altar of Qazlal.
  7372 | D:6      | Found a radiant altar of Vehumet.
  7550 | D:6      | Reached XP level 9. HP: 58/79 MP: 8/8
  7552 | D:6      | Reached skill level 5 in Throwing
  7988 | D:7      | Noticed tof's ghost (novice MiMo)
  8006 | D:7      | Killed tof's ghost
  8006 | D:7      | Reached skill level 10 in Long Blades
  8140 | D:7      | Found a staircase to the Ecumenical Temple.
  8147 | Temple   | Entered the Ecumenical Temple
  8179 | Temple   | Became a worshipper of the Wu Jian Council
  8179 | Temple   | Reached * piety under Wu Jian
  8179 | Temple   | Reached ** piety under Wu Jian
  8306 | D:7      | Found a snail-covered altar of Cheibriados.
  8586 | D:7      | Found a hazy altar of Hepliaklqana.
  8807 | D:8      | Noticed a troll
  8814 | D:8      | Reached skill level 11 in Long Blades
  8869 | D:8      | Killed a troll
  8986 | D:8      | Found a staircase to the Lair.
  9197 | D:8      | Reached XP level 10. HP: 90/90 MP: 9/9
  9522 | D:8      | Noticed Gastronok
  9551 | D:8      | Killed Gastronok
  9551 | D:8      | Reached skill level 12 in Long Blades
 10169 | D:9      | Noticed a two-headed ogre
 10202 | D:8      | Killed a two-headed ogre
 10548 | D:9      | Reached *** piety under Wu Jian
 11329 | D:10     | Entered Level 10 of the Dungeon
 11562 | D:10     | Killed an unseen horror
 11562 | D:10     | Reached skill level 13 in Long Blades
 11562 | D:10     | Reached XP level 11. HP: 99/99 MP: 10/10
 11644 | D:10     | Reached skill level 10 in Fighting
 11805 | D:10     | Reached **** piety under Wu Jian
 11889 | D:10     | Found a roughly hewn altar of Beogh.
 11889 | D:10     | Found a staircase to the Orcish Mines.
 12388 | D:11     | Found Ohiemmuah's Changing Room.
 12547 | D:5      | Bought a runed demon blade for 450 gold pieces
 12625 | Lair:1   | Entered Level 1 of the Lair of Beasts
 13379 | Lair:2   | Noticed a five-headed hydra
 13391 | Lair:2   | Slain by an 11-headed hydra

Vault maps used:
D:1:      doesnt_arrival_eight_statues
D:2:      serial_bayou_pond_d
D:3:      lemuel_round_altar
D:4:      lemuel_doored_altar, nicolae_ru_sacrificial_ziggurat, first_bread,
          chei_slow_surprise, uniq_edmund
D:5:      lemuel_castle_with_subvaults, gammafunk_temple_overflow_elements,
          grunt_temple_overflow_open, serial_shops, shop_statue,
          nicolae_shop_temple_entry_statues_fountains, nicolae_shop_waterfront,
          shop, shop, uniq_blork_the_orc
D:6:      vehumet_statue, kennysheep_little_box, overflow_temple_1_default,
          gup_sewer_entry_bubbles, grunt_qazlal_sundering
D:7:      lemuel_round_altar, cheibriados_altar_1, temple_statues
D:8:      erik_lair_island, lightli_corner_chamber, uniq_gastronok
D:10:     david_orc_5
D:11:     hangedman_ranch, minivault_19, nicolae_transmutations_shop
Temple:   nicolae_temple_figure_zero
Lair:1:   serial_bayou_pond_a, st_stairs_11
Lair:2:   minmay_swamp_entry_swarm, portal_ice_cave_entry_pillars_2,
          beast_lair_carwin_8, lemuel_fruit_tree, serial_bayou_shore_b,
          infiniplex_staircase_pool_2, uniq_erica
Sewer:    sewer_minmay_treatment

Skill      XL: |  1  2  3  4  5  6  7  8  9 10 11 |
---------------+----------------------------------+-----
Long Blades    | 4 5 6 7 9 11 13 | 13.4
Armour         | 1 2 3 4 6 7 9 |  9.4
Throwing       | 1 2 3 4 6 7 |  7.8
Fighting       | 4 5 6 7 8 9 10 | 10.2
Dodging        | |  3.2
Stealth        | |  1.5

Action                   |  1- 3 |  4- 6 |  7- 9 | 10-12 || total
-------------------------+-------+-------+-------+-------++-------
Melee: Falchion          |    97 |    22 |       |       ||   119
       Headbutt          |    13 |    12 |    96 |    41 ||   162
       War axe           |       |    63 |    97 |       ||   160
       Great sword       |       |       |   286 |   201 ||   487
       Demon blade       |       |       |       |    28 ||    28
 Fire: Blowgun           |       |       |    11 |    32 ||    43
Throw: Tomahawk          |       |       |       |    12 ||    12
  Use: Scroll            |       |       |     7 |     3 ||    10
       Potion            |       |       |     1 |       ||     1
 Stab: Sleeping          |     1 |     1 |     1 |       ||     3
       Distracted        |       |       |       |     1 ||     1
  Eat: Chunk             |     2 |     8 |     8 |     9 ||    27
       Bread ration      |       |       |     2 |     1 ||     3
Armor: Ring mail         |    32 |    42 |   179 |    66 ||   319
       Robe              |     3 |       |       |       ||     3
Dodge: Dodged            |    70 |    88 |   317 |   125 ||   600
       Rpst.: Falchion   |    16 |     6 |       |       ||    22
       Great sword       |       |       |    61 |    27 ||    88
       Demon blade       |       |       |       |     1 ||     1

Table legend:
 A = Spawn XP
 B = Non-spawn XP
 C = Spawn XP percentage of total XP
 D = Spawn monster count
 E = Non-spawn monster count
 F = Spawn count percentage of total count
 G = Total turns spent on level
                    A         B        C        D         E        F      G
               +---------+---------+-------+---------+---------+-------+---------
         Total |       0 |   13903 |   0.0 |       0 |     380 |   0.0 | 13391
               +---------+---------+-------+---------+---------+-------+---------
           D:1 |       0 |      56 |   0.0 |       0 |      32 |   0.0 |  1119
           D:2 |       0 |      43 |   0.0 |       0 |      22 |   0.0 |   884
           D:3 |       0 |     145 |   0.0 |       0 |      19 |   0.0 |   931
           D:4 |       0 |     282 |   0.0 |       0 |      17 |   0.0 |   996
           D:5 |       0 |    1135 |   0.0 |       0 |      75 |   0.0 |  2254
           D:6 |       0 |     915 |   0.0 |       0 |      33 |   0.0 |   987
           D:7 |       0 |    1157 |   0.0 |       0 |      14 |   0.0 |  1052
           D:8 |       0 |    4542 |   0.0 |       0 |      31 |   0.0 |  1342
           D:9 |       0 |    1292 |   0.0 |       0 |      25 |   0.0 |  1172
          D:10 |       0 |    3111 |   0.0 |       0 |      58 |   0.0 |  1060
        Lair:1 |       0 |     503 |   0.0 |       0 |       4 |   0.0 |   743
        Lair:2 |       0 |     304 |   0.0 |       0 |       2 |   0.0 |    23
         Sewer |       0 |     418 |   0.0 |       0 |      48 |   0.0 |   746
               +---------+---------+-------+---------+---------+-------+---------
